Map: Bridgehead LE (Void)

Players

Toons

  • Race: Terran Terran
  • League: Silver

SwarmOfDeath - Winner!

  • Race: Zerg Zerg
  • League: Silver

VOD

Have the link to the VOD?

Description

Time

  • Played on: Aug. 2, 2015, 5:18 a.m.
  • Length: 15:32
Show
View Real Time Build Order
Export as new Build Order

Toons Terran 

Build Orders: MMM Bio 

Get SALT Encoding   

  12  0:01  SCV  
  13  0:14  SCV  
  14  0:20  Supply Depot  
  14  0:26  SCV  
  15  0:32  Refinery  
  15  0:41  SCV  
  16  0:48  Barracks  
  16  0:55  SCV  
  17  1:07  SCV  
  18  1:26  Barracks  
  18  1:33  SCV  
  18  1:35  Barracks  
  18  1:39  Marine  
  20  1:42  Supply Depot  
  20  1:45  SCV  
  21  2:16  Barracks Tech Lab  
  21  2:17  Supply Depot  
  21  2:24  Barracks Reactor  
  21  2:38  Stimpack  
  21  2:40  SCV, Barracks Reactor  
  21  2:44  Marine  
  22  2:58  SCV  
  22  2:59  Supply Depot  
  22  3:02  Marine x2  
  22  3:05  Marine  
  26  3:16  SCV  
  27  3:20  Marine x2  
  27  3:24  Command Center  
  27  3:27  Marine x3  
  32  3:38  Marine x2  
  34  3:51  Marine  
  34  3:52  Marine  
  36  4:04  Marine x3  
  39  4:13  Factory  
  39  4:16  Refinery  
  39  4:17  SCV, Marine  
  39  4:18  Marine  
  39  4:23  Supply Depot  
  42  4:31  Marine  
  42  4:32  Marine  
  42  4:34  Marine  
  44  5:00  SCV x2, Refinery  
  46  5:12  Marine  
  46  5:13  Marine x3  
  50  5:15  Widow Mine  
  50  5:20  SCV x2  
  54  5:28  Engineering Bay  
  54  5:32  SCV x2  
  54  5:34  Supply Depot  
  56  5:36  Marine x2  
  56  5:37  Marine  
  59  5:43  Widow Mine  
  61  6:01  Marine x2  
  61  6:02  Marine  
  64  6:14  Marine x2  
  66  6:19  Marine x2  
  61  6:32  SCV x2  
  54  6:44  SCV x2  
  56  6:49  Supply Depot  
  56  6:51  Missile Turret  
  54  6:55  Missile Turret  
  54  7:04  SCV x2  
  54  7:07  Factory Reactor  
  54  7:08  Terran Infantry Weapons Level 1  
  54  7:14  Armory  
  54  7:19  Starport  
  54  7:23  Missile Turret  
  54  7:26  Missile Turret  
  54  7:27  SCV x2  
  56  7:34  Refinery  
  56  7:37  Marine x4  
  56  7:39  SCV  
  56  7:40  Combat Shields  
  56  7:42  Marauder  
  63  8:04  SCV  
  65  8:07  Orbital Command  
  65  8:08  Marine  
  65  8:09  Marine x3  
  68  8:15  Hellbat x2  
  68  8:17  Marauder  
  74  8:20  Starport Reactor  
  74  8:27  Barracks  
  74  8:43  Liberator  
  74  8:47  Liberator  
  74  8:55  Marine x3  
  75  8:56  Marine  
  75  8:58  Hellbat  
  75  8:59  Hellbat  
  76  9:10  SCV x2  
  76  9:11  Supply Depot  
  76  9:12  Supply Depot x2  
  76  9:14  Barracks  
  78  9:22  Terran Infantry Armor Level 1, SCV  
  78  9:34  Liberator x2  
  78  9:49  Marine x3  
  87  9:55  SCV x2  
  89  10:33  Marine x5  
  89  10:35  Widow Mine x2  
  94  10:41  Command Center  
  58  11:00  Marine x3  
  58  11:01  Marine x2  
  63  11:17  Marine  
  57  11:19  Marine x4  
  57  11:24  Barracks Reactor, Barracks Tech Lab  
  61  11:30  Medivac x2  
  65  11:35  Marine  
  65  11:37  Marine x2  
  60  11:56  Bunker  
  60  12:01  SCV x3  
  63  12:04  Marine x4  
  63  12:05  Marine x4  
  63  12:06  Widow Mine x2  
  75  12:13  SCV  
  76  12:20  Bunker  
  76  12:22  Bunker, Marine  
  75  12:42  Starport  
  74  13:13  Marine x2  
  74  13:14  Marine x6  
  82  13:23  Orbital Command  
  82  13:31  Marine x2  
  82  13:32  Marine x3  
  87  13:44  Marine x2  
  87  13:45  SCV, Marine  
  87  13:46  SCV  
  92  14:03  Marauder x2  
  96  14:12  SCV x2  
  96  14:13  Marine  
  96  14:14  Marine x3  
  102  14:18  Hellbat x2  
  108  14:24  Marauder x2  
  108  14:28  Liberator  
  106  14:43  Marine x4  
  106  14:45  Medivac  
  107  14:46  Marauder  
  107  14:47  Marine x2  
  107  14:48  Marine  
Show
View Real Time Build Order
Export as new Build Order

SwarmOfDeath Zerg - Winner!

Build Orders: Hatch First, Lurkers, Muta Ling Bane 

Get SALT Encoding   

  12  0:01  Drone  
  13  0:14  Overlord  
  13  0:17  Drone  
  14  0:40  Drone x3  
  17  1:04  Extractor  
  16  1:05  Drone x2  
  18  1:13  Drone  
  18  1:16  Hatchery  
  18  1:23  Spawning Pool  
  18  1:25  Drone  
  18  1:31  Extractor  
  17  1:35  Drone  
  18  1:47  Drone  
  19  2:10  Queen  
  19  2:14  Zergling x2  
  22  2:15  Overlord  
  22  2:32  Extractor  
  21  2:37  Drone x2  
  21  2:41  Drone x2, Queen  
  21  2:42  Spine Crawler  
  26  2:53  Queen  
  26  2:54  Drone x2  
  26  2:56  Metabolic Boost  
  30  3:00  Drone  
  31  3:12  Drone x2  
  33  3:17  Queen  
  35  3:21  Drone  
  35  3:22  Overlord  
  36  3:28  Pneumatized Carapace  
  36  3:49  Drone  
  36  3:50  Drone x3  
  36  3:53  Spore Crawler  
  36  3:55  Baneling Nest  
  38  3:56  Drone x2  
  38  3:57  Drone  
  41  4:12  Drone  
  41  4:13  Lair, Drone x2  
  44  4:20  Extractor  
  44  4:21  Extractor  
  44  4:22  Overlord  
  42  4:34  Overlord  
  42  4:42  Baneling  
  42  4:43  Zergling x2, Baneling  
  42  4:44  Zergling x2  
  45  4:52  Drone, Overlord  
  45  4:54  Drone x5  
  45  4:59  Spore Crawler  
  49  5:12  Overseer  
  49  5:17  Overseer  
  49  5:23  Zergling x10  
  49  5:25  Drone x3  
  49  5:26  Drone x3  
  60  5:31  Spine Crawler  
  59  5:48  Baneling x2  
  40  6:09  Zergling x20  
  40  6:10  Zergling x2  
  34  6:33  Baneling  
  34  6:34  Baneling x3  
  34  6:39  Drone x3  
  37  6:40  Queen  
  37  6:41  Drone x4  
  42  7:15  Hatchery  
  42  7:19  Extractor  
  42  7:22  Drone x3  
  43  7:33  Baneling  
  43  7:34  Zergling x4, Baneling x7  
  43  7:35  Zergling x4  
  47  8:02  Drone x5  
  52  8:08  Spore Crawler  
  52  8:11  Drone, Spine Crawler  
  51  8:13  Drone x3  
  51  8:15  Centrifical Hooks  
  51  8:16  Spire  
  51  8:18  Drone x4  
  57  8:22  Drone  
  58  8:33  Zergling x4  
  60  8:34  Baneling x2  
  60  8:35  Drone x3, Baneling  
  63  8:45  Drone x2  
  60  9:13  Baneling x3  
  60  9:14  Overlord, Baneling x3  
  60  9:15  Overlord x3  
  60  9:26  Overlord  
  60  9:32  Queen  
  62  9:45  Mutalisk  
  62  9:46  Mutalisk x9  
  62  9:52  Drone, Hydralisk Den  
  82  9:54  Overlord  
  82  10:07  Lurker Den  
  82  10:11  Zerg Flyer Weapons Level 1  
  82  10:13  Zergling x14  
  88  10:19  Baneling  
  88  10:20  Baneling x4  
  54  10:50  Zergling x14  
  54  10:51  Zergling x6  
  54  10:53  Baneling  
  54  10:54  Baneling x4  
  62  11:00  Hydralisk  
  62  11:01  Hydralisk x4  
  65  11:27  Baneling x4  
  65  11:28  Corruptor x2  
  65  11:29  Mutalisk x2, Corruptor x2  
  65  11:30  Mutalisk x2  
  80  11:51  Lurker x4  
  80  11:52  Drone, Lurker  
  80  11:53  Drone, Baneling  
  80  11:54  Baneling x3  
  87  11:55  Drone  
  87  11:57  Drone x2  
  90  12:37  Extractor  
  89  12:46  Drone  
  89  12:49  Hatchery  
  89  12:51  Overlord x3  
  89  12:54  Zerg Flyer Weapons Level 2  
  89  12:57  Evolution Chamber  
  88  12:58  Evolution Chamber  
  88  12:59  Infestation Pit  
  88  13:00  Hatchery  
  85  13:08  Spine Crawler  
  84  13:40  Zergling x22  
  84  13:41  Zergling x4  
  97  14:01  Baneling x2  
  97  14:02  Baneling x3  
  97  14:04  Hatchery  
  95  14:24  Overseer  
  80  15:04  Zergling x4  
  80  15:05  Drone x3  
  87  15:08  Drone x3  
  87  15:11  Drone x2  
  87  15:12  Drone x9  
  101  15:19  Drone  
  102  15:22  Extractor  
  102  15:25  Extractor  
  102  15:26  Extractor  
  102  15:28  Spore Crawler  
  92  15:29  Spine Crawler  
Tags
 
Add a new tag
Caveats
  • Supply blocks, unpowered buildings, or Contaminate may cause inaccurate times.
  • Supply counts are checked every 10 seconds.